Map: Blackpink LE

Players

TRUE

  • Race: Zerg Zerg
  • Spawn Location: 7:00

Serral - Winner!

  • Race: Zerg Zerg
  • Spawn Location: 1:00

Event: IEM Season 12 - Katowice

VOD

Have the link to the VOD?

Description

Time

  • Played on: Feb. 26, 2018, 10:49 a.m.
  • Length: 7:19

All games in this series

Show
View Real Time Build Order
Export as new Build Order

TRUE Zerg 

Build Orders: Hatch First, Zergling Baneling 

Get SALT Encoding   

  12  0:00  Drone  
  13  0:11  Overlord  
  13  0:16  Drone  
  14  0:30  Drone x2  
  14  0:33  Drone  
  17  0:50  Hatchery  
  17  0:54  Drone  
  17  0:57  Drone  
  18  1:03  Extractor  
  17  1:12  Spawning Pool  
  17  1:16  Drone  
  17  1:19  Drone  
  18  1:30  Drone  
  19  1:38  Overlord  
  19  1:49  Drone  
  20  1:59  Drone, Queen  
  23  2:01  Queen  
  23  2:02  Drone  
  23  2:08  Metabolic Boost  
  26  2:11  Drone  
  27  2:15  Drone  
  27  2:21  Drone  
  29  2:25  Zergling x2  
  30  2:31  Zergling x2  
  31  2:37  Zergling x2  
  31  2:43  Hatchery  
  31  2:46  Drone  
  31  2:48  Drone  
  33  2:54  Drone, Baneling Nest  
  33  2:57  Drone  
  34  3:05  Overlord  
  34  3:07  Drone x2  
  34  3:12  Overlord  
  36  3:19  Overlord  
  36  3:24  Drone  
  36  3:25  Drone x3  
  40  3:28  Zergling x2  
  40  3:29  Drone  
  42  3:38  Baneling x2, Zergling x8  
  46  3:42  Baneling  
  46  3:46  Queen  
  48  3:49  Zergling x2  
  48  3:50  Zergling x2  
  48  3:53  Zergling x2  
  48  3:55  Zergling x4  
  51  4:04  Zergling x6  
  51  4:05  Zergling x2  
  51  4:09  Zergling x2  
  55  4:10  Zergling x2  
  55  4:11  Baneling  
  55  4:14  Zergling x2  
  55  4:16  Baneling  
  56  4:20  Zergling x6  
  58  4:29  Zergling x4  
  58  4:31  Zergling x2  
  58  4:33  Zergling x2  
  58  4:35  Zergling x2  
  58  4:37  Zergling x2  
  58  4:38  Zergling x2  
  61  4:39  Zergling x2  
  61  4:40  Baneling x2, Zergling x2  
  61  4:42  Baneling x2  
  63  4:49  Zergling x4  
  63  4:52  Zergling x2  
  59  4:59  Zergling x2  
  59  5:03  Baneling x2  
  58  5:10  Zergling x2  
  58  5:11  Zergling x6  
  58  5:12  Zergling x6  
  58  5:13  Zergling x4  
  64  5:18  Drone  
  64  5:21  Drone  
  64  5:22  Drone  
  64  5:28  Baneling x3  
  63  5:32  Drone x2  
  63  5:33  Drone  
  65  5:35  Evolution Chamber  
  65  5:36  Extractor  
  65  5:37  Extractor  
  62  5:46  Drone x3  
  62  5:48  Drone x2  
  65  5:50  Overlord  
  65  5:52  Roach Warren  
  65  5:53  Overlord  
  65  5:56  Drone x3  
  66  5:57  Overlord  
  66  6:01  Overlord  
  66  6:09  Overlord  
  66  6:15  Drone x5  
  71  6:23  Spine Crawler, Roach Warren  
  71  6:24  Spine Crawler, Zergling x2  
  62  6:25  Zergling x2  
  62  6:26  Zergling x8  
  62  6:27  Zergling x2  
  62  6:29  Zergling x2  
  62  6:30  Zergling x2  
  62  6:32  Zergling x2  
  70  6:34  Zergling x2  
  70  6:38  Zergling x2  
  71  6:40  Zergling x2  
  71  6:42  Zergling x6  
  71  6:45  Zergling x2  
  71  6:46  Zergling x2  
  74  6:48  Zergling x2  
  74  6:50  Zergling x2  
  74  6:52  Zergling x2  
  74  6:53  Zergling x2  
  62  6:54  Zergling x2  
  62  6:56  Zergling x2  
Show
View Real Time Build Order
Export as new Build Order

Serral Zerg - Winner!

Build Orders: Hatch First, Zergling Baneling 

Get SALT Encoding   

  12  0:00  Drone  
  13  0:12  Overlord  
  13  0:17  Drone  
  14  0:30  Drone x2  
  14  0:35  Drone  
  17  0:52  Hatchery  
  17  0:54  Drone  
  17  0:57  Drone  
  18  1:07  Extractor  
  17  1:13  Spawning Pool  
  17  1:15  Drone  
  17  1:18  Drone  
  18  1:28  Drone  
  19  1:38  Overlord  
  19  1:51  Drone  
  20  1:59  Queen  
  20  2:00  Zergling x2  
  23  2:04  Queen  
  23  2:05  Zergling x2  
  26  2:08  Metabolic Boost  
  26  2:12  Drone  
  26  2:14  Drone  
  29  2:22  Drone  
  29  2:26  Drone  
  30  2:33  Drone  
  30  2:36  Hatchery  
  30  2:43  Baneling Nest  
  29  2:44  Drone  
  29  2:51  Overlord  
  30  2:53  Zergling x2  
  30  2:56  Drone  
  32  2:59  Drone  
  33  3:07  Zergling x2  
  33  3:10  Zergling x2  
  33  3:11  Drone x3  
  38  3:14  Drone x2  
  38  3:17  Drone  
  41  3:27  Zergling x4  
  43  3:32  Zergling x2  
  44  3:36  Baneling x2  
  44  3:39  Overlord  
  44  3:42  Overlord  
  44  3:44  Baneling x2  
  44  3:48  Queen, Zergling x6  
  47  3:49  Zergling x2  
  50  3:57  Baneling x2  
  50  3:58  Drone  
  50  3:59  Drone  
  51  4:04  Drone  
  51  4:08  Drone x2  
  52  4:11  Baneling, Zergling x6  
  52  4:12  Baneling  
  52  4:15  Zergling x6  
  52  4:16  Drone x2  
  59  4:20  Drone  
  59  4:23  Drone x2  
  61  4:24  Drone  
  61  4:26  Drone  
  59  4:32  Zergling x4  
  59  4:35  Zergling x2  
  59  4:36  Roach Warren, Extractor x2  
  58  4:42  Baneling x2  
  58  4:45  Zergling x10  
  62  4:47  Zergling x2  
  61  4:53  Zergling x2  
  61  4:54  Baneling x2  
  61  4:56  Zergling x2  
  61  4:59  Zergling x2  
  62  5:06  Zergling x2  
  63  5:07  Zergling x4  
  63  5:11  Baneling x2, Zergling x4  
  61  5:17  Roach  
  61  5:18  Roach, Overlord  
  61  5:19  Overlord  
  61  5:20  Overlord  
  63  5:26  Overlord  
  62  5:29  Roach  
  62  5:31  Baneling x2  
  64  5:36  Overlord x2  
  64  5:38  Baneling x2  
  66  5:44  Roach x2  
  66  5:47  Roach x2  
  74  5:52  Baneling x2  
  74  5:53  Roach x2  
  74  5:55  Roach  
  74  5:56  Roach  
  80  5:58  Roach  
  80  6:02  Roach  
  82  6:06  Overlord  
  82  6:09  Baneling  
  82  6:11  Roach x2  
  86  6:16  Roach  
  88  6:20  Zergling x12  
  93  6:26  Zergling x2  
  93  6:29  Baneling  
  93  6:31  Zergling x14  
  101  6:37  Zergling x4  
  104  6:40  Zergling x2  
  104  6:42  Zergling x6  
  104  6:46  Zergling x2  
  106  6:49  Zergling x2  
  106  6:52  Zergling x2  
  99  6:56  Zergling x2  
  99  6:57  Zergling x10  
  105  6:58  Zergling x2  

Tags
 
Add a new tag
Caveats
  • Supply blocks, unpowered buildings, or Contaminate may cause inaccurate times.
  • Supply counts are checked every 10 seconds.